 Dungeon Crawl Stone Soup version 0.31.0-32-g396128a36d (webtiles) character file.

Game seed: 17835021676790101585

13 Curundu the Chopper (level 2, -4/27 HPs)
             Began as a Minotaur Berserker on Mar 9, 2024.
             Was a Follower of Trog.
             Slain by a gnoll
             ... wielding a +0 spear
              (5 damage)
             ... on level 2 of the Dungeon.
             The game lasted 00:01:26 (689 turns).

Curundu the Chopper (Minotaur Berserker)             Turns: 689, Time: 00:01:26

Health: -4/27      AC:  2    Str: 21    XL:     2   Next: 24%
Magic:  1/1        EV: 12    Int:  4    God:    Trog [*.....]
Gold:   47         SH:  0    Dex:  9    Spells: 1/1 levels left

rFire   . . .        a - +0 hand axe
rCold   . . .        (no shield)
rNeg    . . .        b - +0 animal skin
rPois   .            (helmet restricted)
rElec   .            (no cloak)
rCorr   .            (no gloves)
SInv    .            (no boots)
Will    .....        (no amulet)
Stlth   +            (no ring)
HPRegen 0.24/turn    (no ring)
MPRegen 0.07/turn

%: no passive effects
@: no status effects
A: horns 2, retaliatory headbutt
a: Renounce Religion, Berserk


You were on level 2 of the Dungeon.
You worshipped Trog.
Trog was aware of your devotion.
You visited 1 branch of the dungeon, and saw 2 of its levels.

You collected 47 gold pieces.

Inventory:

Hand Weapons
 a - a +0 hand axe (weapon)
Armour
 b - a +0 animal skin (worn)
Scrolls
 c - a scroll of identify {unknown}
 d - 2 scrolls of teleportation {unknown}
 e - a scroll of poison {unknown}


   Skills:
 + Level 3.9 Fighting
 + Level 4.1 Axes
 + Level 2.4 Armour
 + Level 2.4 Dodging


You had one spell level left.
You didn't know any spells.
Your spell library was empty.

Dungeon Overview and Level Annotations

Branches:
Dungeon (2/15)

Altars:


Innate Abilities, Weirdness & Mutations

You have a pair of horns on your head.
You reflexively headbutt those who attack you in melee.


Message History

There is a stone staircase leading up here.
Unknown command.
Unknown command.
The bat hits you but does no damage. The bat hits you but does no damage.
The bat misses you. The bat barely misses you.
You hit the bat.
You kill the bat!
Trog accepts your kill.
Found 4 stones.
Found an escape hatch in the ceiling.
A goblin comes into view. It is wielding a +0 dagger.
The goblin shouts! 2 gnolls, a kobold and a goblin come into view.
A gnoll is wielding a +0 whip and quivering a throwing net.
Found a dagger.
The kobold shouts!
You hear a shout!
The goblin shouts!
The goblin hits you but does no damage.
A gnoll comes into view. It is wielding a +0 spear.
The kobold moves out of view.
The gnoll shouts!
You hit the goblin.
You kill the goblin!
Trog accepts your kill.
The goblin unwields a +0 club.
The goblin wields a +0 sling.
The goblin shoots a sling bullet.
The sling bullet hits you.
The goblin shoots a sling bullet.
The sling bullet hits you. The gnoll hits you with a +0 spear.
You closely miss the gnoll. The gnoll hits you with a +0 spear!
You hit the gnoll. You headbutt the gnoll.
The gnoll is severely wounded.
The gnoll hits you with a +0 spear.
* * * LOW HITPOINT WARNING * * *
The gnoll hits you from afar with a +0 spear.
* * * LOW HITPOINT WARNING * * *
The gnoll hits you with a +0 spear.
* * * LOW HITPOINT WARNING * * *
The gnoll hits you from afar with a +0 spear.
You die...

...##..#......
.............
....g..g....
..........
#.......## .
#.....#.) .. ..
#....).###... #..
######g....... #..#
#..@gKg#.$##.#
#...###.###g.......#
#.....(.###.###....#
## #..........##..#
##.. #.
#.#...........## .
##.. .....<.....###
..... #..######.#
...#.##..#### #.##
#...........# #..#


You could see 3 gnolls, a goblin and a kobold.

Vanquished Creatures
  4 ball pythons (D:1)
  3 bats
  An endoplasm (D:1)
  A goblin (D:2)
  A hobgoblin (D:1)
  A frilled lizard (D:1)
  2 rats (D:1)
13 creatures vanquished.

Notes
Turn   | Place    | Note
-------+----------+-------------------------------------------
     0 | D:1      | Curundu the Minotaur Berserker began the quest for the Orb.
     0 | D:1      | Reached XP level 1. HP: 19/19 MP: 0/0
   240 | D:1      | Reached XP level 2. HP: 23/27 MP: 1/1
   276 | D:1      | Reached skill level 4 in Axes
   689 | D:2      | HP: 1/27 [gnoll/+0 spear (2)]
   689 | D:2      | Slain by a gnoll

Illustrated notes

Levels and vault maps discovered:
D:1:      ncdulo_watergridlock, layout_basic, dk_noncrumbling_2
D:2:      layout_rooms

Skill      XL: |  1  2 |
---------------+-------+-----
Axes           | 4 |  4.1
Fighting       | |  3.9
Armour         | |  2.4
Dodging        | |  2.4

Action                     || total
---------------------------++-------
  Melee: Hand axe          ||    28
         Headbutt          ||     1
 Armour: Animal skin       ||    29
  Dodge: Dodged            ||    26
